 Dungeon Crawl Stone Soup version 0.31-a0-854-g362426d53f (webtiles) character file.

Game seed: 17299646851394042318

227 pokeman the Magician (level 5, 0/29 HPs)
             Began as a Deep Elf Hedge Wizard on Oct 8, 2023.
             Slain by an elf zombie (5 damage)
             ... in an ossuary.
             The game lasted 00:09:39 (3756 turns).

pokeman the Magician (Deep Elf Hedge Wizard)        Turns: 3756, Time: 00:09:40

Health: 0/29       AC:  4    Str:  7    XL:     5   Next: 70%
Magic:  6/15       EV: 13    Int: 21    God:
Gold:   200        SH:  0    Dex: 14    Spells: 5/16 levels left

rFire   . . .        b - +2 short sword (drain)
rCold   . . .        (no shield)
rNeg    + . .        m - +0 toga "Victory" {*Victory Clar}
rPois   .            c - +0 hat
rElec   .            (no cloak)
rCorr   .            s - +0 pair of gloves
SInv    .            g - +0 pair of boots
Will    .....        (no amulet)
Stlth   ++           i - +4 ring of slaying
HPRegen 0.24/turn    l - ring of positive energy
MPRegen 0.14/turn

%: clarity
@: very slightly contaminated
A: no striking features
a: no special abilities


You were in an ossuary.
You visited 1 branch of the dungeon, and saw 4 of its levels.
You also visited: Ossuary.

You collected 200 gold pieces.

Inventory:

Hand Weapons
 b - a +2 short sword of draining (weapon)
Missiles
 q - a throwing net
Armour
 c - a +0 hat (worn)
 g - a +0 pair of boots (worn)
 m - the +0 toga "Victory" (worn) {*Victory Clar}
   (You found it on level 2 of the Dungeon)

   *Victory:  When the wearer kills a threatening monster, it has a chance to
   gain +1 AC, +1 Slay, and +1 Int, capping at +7.
   When the wearer uses a scroll or a potion with a hostile monster in sight,
   its bonuses reset to +0.
   Unequipping it also resets its bonuses to +0.
   Clar:      It protects you from confusion, rage, mesmerisation and fear.
 o - an orb of light
 s - a +0 pair of gloves (worn)
Magical Staves
 r - a staff of death
Jewellery
 i - a +4 ring of slaying (left hand)
 l - a ring of positive energy (right hand)
Scrolls
 a - a scroll of teleportation {unknown}
 e - 3 scrolls of identify {unknown}
 h - a scroll of revelation {unknown}
 j - a scroll of noise {unknown}
 n - a scroll of fog {unknown}
Potions
 d - a potion of magic
 f - a potion of enlightenment {unknown}
 k - a potion of ambrosia {unknown}
 p - a potion of heal wounds {unknown}


   Skills:
 - Level 1.0 Fighting
 - Level 1.0 Armour
 - Level 3.0 Dodging
 - Level 3.0 Stealth
 * Level 6.4 Spellcasting
 + Level 2.8 Conjurations
 - Level 1.1 Summonings
 - Level 1.1 Translocations
 + Level 0.8 Air Magic
 + Level 0.7 Earth Magic
 - Level 1.0 Poison Magic


You had 5 spell levels left.
You knew the following spells:

 Your Spells              Type           Power      Damage    Failure   Level
a - Magic Dart            Conj           72%        1d6       3%          1
b - Mephitic Cloud        Conj/Pois/Air  13%        N/A       14%         3
c - Call Imp              Summ           22%        N/A       9%          2
d - Blink                 Tloc           22%        N/A       9%          2
e - Stone Arrow           Conj/Erth      28%        3d8       14%         3

Your spell library contained the following spells:

 Spells                   Type           Power      Damage    Failure   Level
 Momentum Strike          Conj/Tloc      28%        3d8       6%          2
 Lesser Beckoning         Tloc           22%        N/A       9%          2
 Slow                     Hex            24%        N/A       10%         1
 Cigotuvi's Dreadful Rot  Necr/Pois/Air  18%        N/A       11%         2
 Animate Armour           Summ/Erth      20%        N/A       54%         4
 Lehudib's Crystal Spear  Conj/Erth      7%         10d3      100%        8


Dungeon Overview and Level Annotations

Branches:
Dungeon (4/15)            Ossuary (1/1)
 Temple: D:4-7

Altars:

Shops:
D:4 [


Message History

You hit the elf zombie.
The elf zombie is lightly damaged.
The elf zombie hits you. The elf zombie barely misses you.
Casting: Stone Arrow (quite dangerous; 14% risk of failure)
Confirm with . or Enter, or press ? or * to list all spells.
Aiming: Stone Arrow (quite dangerous; 14% risk of failure)
Press: ? - help, Shift-Dir - straight line, f - elf zombie
Aim: an elf zombie (lightly damaged, 68% to hit)
You miscast Stone Arrow.
You are very lightly contaminated with residual magic.
You feel a strange surge of energy!
Unknown command.
Press: ? - help, v - describe, . - travel The floor.
Unknown command.
Casting: Stone Arrow (quite dangerous; 14% risk of failure)
Confirm with . or Enter, or press ? or * to list all spells.
Okay, then.
Unknown command.
The elf zombie hits you.
Casting: Stone Arrow (quite dangerous; 14% risk of failure)
Confirm with . or Enter, or press ? or * to list all spells.
Aiming: Stone Arrow (quite dangerous; 14% risk of failure)
Press: ? - help, Shift-Dir - straight line, f/p - elf zombie
Aim: an elf zombie (lightly damaged, 68% to hit)
The stone arrow hits the elf zombie!
The elf zombie is lightly damaged.
Unknown command.
Casting: Stone Arrow (quite dangerous; 14% risk of failure)
Confirm with . or Enter, or press ? or * to list all spells.
Aiming: Stone Arrow (quite dangerous; 14% risk of failure)
Press: ? - help, Shift-Dir - straight line, f/p - elf zombie
Aim: an elf zombie (lightly damaged, 68% to hit)
The stone arrow hits the elf zombie!
The elf zombie is moderately damaged.
The elf zombie hits you!
* * * LOW HITPOINT WARNING * * *
The elf zombie hits you.
You die...

#....................#
#....................#
#........8..8........#
#....................#
#...######..######...#
#...# #^.#....#...#
#...# #^.#..#.#...#
#...#.####..####.#...#
#...#..........@.#...#
#...#.......####Z#...#
#...#.......#..#Z#...#
#...#.......#....#...#
#...#.....∩.######...#
#...####+.... #...#
#...# #...# #...#
#...# #...# #...#
#...##############...#


You could see a rat zombie and an elf zombie.

Vanquished Creatures
  2 orc priests (D:3)
  2 iguanas
  A mummy (Ossuary)
  An adder (D:2)
  3 dart slugs (D:2)
  5 orcs (D:3)
  5 bats
  4 endoplasms
  3 giant cockroaches
  7 goblins
  6 hobgoblins
  4 jackals (D:1)
  2 quokkas
  6 ball pythons
  3 frilled lizards
  6 hobgoblin zombies (Ossuary)
  2 jackal zombies (Ossuary)
  8 kobolds
  7 kobold zombies (Ossuary)
  5 orc zombies (Ossuary)
  5 rats
87 creatures vanquished.

Vanquished Creatures (collateral kills)
  A hobgoblin zombie (Ossuary)
  3 kobold zombies (Ossuary)
  2 orc zombies (Ossuary)
6 creatures vanquished.

Grand Total: 93 creatures vanquished

Notes
Turn   | Place    | Note
-------+----------+-------------------------------------------
     0 | D:1      | pokeman the Deep Elf Hedge Wizard began the quest for the
                  | Orb.
     0 | D:1      | Reached XP level 1. HP: 10/10 MP: 7/7
   191 | D:1      | Found a faded altar of an unknown god.
   316 | D:1      | Reached XP level 2. HP: 16/16 MP: 4/9
   926 | D:2      | Reached skill level 5 in Spellcasting
  1009 | D:2      | Reached XP level 3. HP: 20/20 MP: 4/11
  1013 | D:2      | Learned a level 3 spell: Mephitic Cloud
  1016 | D:2      | Learned a level 2 spell: Call Imp
  1019 | D:2      | Learned a level 2 spell: Blink
  1162 | D:2      | Reached skill level 1 in Fighting
  1162 | D:2      | Reached skill level 1 in Armour
  1668 | D:2      | Found the +0 toga "Victory" {*Victory Clar}
  1670 | D:2      | Reached XP level 4. HP: 25/25 MP: 11/13
  2666 | D:3      | Reached skill level 6 in Spellcasting
  2666 | D:3      | Reached XP level 5. HP: 18/29 MP: 7/15
  2829 | D:3      | Learned a level 3 spell: Stone Arrow
  3434 | D:4      | Found Ysomir's Antique Armour Boutique.
  3478 | D:4      | Found a sand-covered staircase.
  3489 | Ossuary  | Entered an ossuary
  3607 | Ossuary  | Reached skill level 1 in Poison Magic
  3756 | Ossuary  | Slain by an elf zombie

Illustrated notes

Levels and vault maps discovered:
D:1:      dpeg_arrival_tiny_c, layout_basic, shapermc_ecumenical_altar_petra,
          minmay_misc_feat_pillars
D:2:      minmay_wonky_spiral, layout_loops_ring, kennysheep_generic_room_3
D:3:      layout_basic
D:4:      layout_basic, lightli_ossuary_entry_decrepit_ruins, serial_shops,
          nicolae_shop_overgrown_old_shop
Ossuary:  ossuary_tomb_1

Skill      XL: |  1  2  3  4  5 |
---------------+----------------+-----
Spellcasting   | 5 6 |  6.4
Fighting       | 1 |  1.0
Armour         | 1 |  1.0
Conjurations   | 2 |  2.8
Stealth        | 3 |  3.0
Dodging        | 3 |  3.0
Poison Magic   | 1 |  1.0
Summonings     | |  1.1
Translocations | |  1.1
Air Magic      | |  0.8
Earth Magic    | |  0.7

Action                     |  1- 3 |  4- 6 || total
---------------------------+-------+-------++-------
  Melee: Dagger            |    10 |       ||    10
         Short sword       |       |    71 ||    71
         Punch             |       |     1 ||     1
   Cast: Magic Dart        |    77 |    61 ||   138
         Mephitic Cloud    |     2 |     3 ||     5
         Call Imp          |     1 |     3 ||     4
         Stone Arrow       |       |     4 ||     4
   Stab: Confused          |     2 |     1 ||     3
         Sleeping          |     1 |     1 ||     2
         Distracted        |       |     1 ||     1
 Armour: Robe              |    16 |    46 ||    62
  Dodge: Dodged            |    17 |    53 ||    70

Table legend: (Time is in decaauts)
 A = Elapsed time spent in this place.
 B = Non-inter-level travel time spent in this place.
 C = Inter-level travel time spent in this place.
 D = Time resting spent in this place.
 E = Time spent auto-exploring this place.
 F = Levels seen in this place.
 G = Mean time per level.
                   A        B        C        D        E       F      G
               +--------+--------+--------+--------+--------+-----+--------+
         Total |   3753 |   3688 |     65 |     53 |   3033 |   5 |  750.6 |
       Dungeon |   3486 |   3421 |     65 |     53 |   2930 |   4 |  871.5 |
       Ossuary |    266 |    266 |      0 |      0 |    103 |   1 |  266.0 |
               +--------+--------+--------+--------+--------+-----+--------+

Top non-repeatable levels by time:
     D:2: 1287 daAuts
     D:3: 1234 daAuts
     D:1: 896 daAuts
 Ossuary: 266 daAuts
     D:4: 67 daAuts
